Map: Pride of Altaris LE

Players

wiscoHC

  • Race: Protoss Protoss
  • League: Diamond

Woogie - Winner!

  • Race: Protoss Protoss
  • League: Diamond

VOD

Have the link to the VOD?

Description

Time

  • Played on: March 14, 2022, 9:14 p.m.
  • Length: 5:37
Show
View Real Time Build Order
Export as new Build Order

wiscoHC Protoss 

Build Orders: 1 Gate Expand 

Get SALT Encoding   

  12  0:00  Probe  
  13  0:12  Probe  
  14  0:17  Pylon  
  14  0:24  Probe (Chrono Boost)  
  15  0:37  Probe (Chrono Boost)  
  15  0:38  Gateway  
  16  0:45  Probe (Chrono Boost)  
  16  0:46  Assimilator  
  17  0:53  Probe  
  18  1:05  Probe (Chrono Boost)  
  19  1:17  Probe (Chrono Boost)  
  20  1:25  Cybernetics Core  
  20  1:36  Nexus  
  20  1:42  Probe  
  20  1:45  Assimilator  
  21  1:54  Pylon  
  21  2:01  Warp Gate (Chrono Boost), Pylon  
  21  2:12  Stalker  
  23  2:18  Probe  
  24  2:24  Shield Battery  
  24  2:32  Shield Battery  
  24  2:38  Probe  
  25  2:45  Stalker  
  27  2:52  Probe  
  27  2:54  Probe  
  29  3:05  Gateway  
  29  3:12  Gateway  
  29  3:15  Probe  
  29  3:19  Probe  
  30  3:28  Probe  
  27  3:39  Probe  
  27  3:40  Probe  
  27  3:53  Probe (Chrono Boost)  
  27  3:55  Probe (Chrono Boost)  
  29  4:03  Probe (Chrono Boost)  
  29  4:06  Probe (Chrono Boost), Stargate  
  29  4:07  Stargate  
  29  4:08  Probe (Chrono Boost)  
  31  4:14  Sentry  
  31  4:15  Probe  
  34  4:22  Stalker  
  36  4:34  Probe x2  
  38  4:41  Stalker  
  40  4:46  Probe  
  40  4:49  Pylon  
  41  4:54  Phoenix  
  42  5:07  Probe x2  
  36  5:31  Pylon  
Show
View Real Time Build Order
Export as new Build Order

Woogie Protoss - Winner!

Build Orders: Dark Templar Rush 

Get SALT Encoding   

  12  0:00  Probe  
  13  0:17  Probe  
  13  0:21  Pylon  
  14  0:29  Probe (Chrono Boost)  
  15  0:41  Probe (Chrono Boost), Gateway  
  16  0:45  Assimilator  
  16  0:49  Probe (Chrono Boost)  
  17  0:55  Probe  
  18  1:07  Probe  
  19  1:15  Gateway  
  19  1:17  Assimilator  
  19  1:19  Probe  
  20  1:28  Cybernetics Core  
  20  1:31  Probe  
  21  1:43  Probe  
  22  1:50  Pylon  
  22  1:55  Probe  
  23  2:08  Adept x2  
  27  2:10  Warp Gate  
  27  2:21  Probe  
  27  2:22  Twilight Council  
  28  2:35  Pylon  
  28  2:43  Nexus  
  28  2:50  Adept  
  30  2:56  Adept  
  32  3:06  Dark Shrine  
  30  3:49  Probe (Chrono Boost)  
  31  3:57  Probe (Chrono Boost)  
  31  4:01  Probe (Chrono Boost)  
  33  4:03  Gateway  
  33  4:06  Probe (Chrono Boost), Gateway  
  33  4:08  Probe (Chrono Boost)  
  35  4:20  Probe x2  
  35  4:22  Dark Templar x2  
  41  4:32  Probe x2  
  41  4:36  Pylon  
  43  4:40  Pylon  
  43  4:52  Probe x2  
  45  4:56  Assimilator  
  45  4:59  Assimilator  
  45  5:04  Probe  
  42  5:24  Probe x2  
  42  5:25  Dark Templar x3  
  42  5:27  Zealot  
Tags
 
Add a new tag
Caveats
  • Supply blocks, unpowered buildings, or Contaminate may cause inaccurate times.
  • Supply counts are checked every 10 seconds.